 Dungeon Sprint DCSS version 0.30-a0-341-g682706514a (webtiles) character file.

Game seed: 18042516581803610720

43 lokiplouj the Trooper (level 3, -4/32 HPs)
             Began as a Demonspawn Berserker on Nov 3, 2022.
             Was a Priest of Trog.
             Slain by a two-headed ogre
             ... wielding a +0 giant club
              (9 damage)
             ... in the Dungeon (Sprint IX: "|||||||||||||||||||||||||||||").
             The game lasted 00:02:41 (133 turns).

lokiplouj the Trooper (Demonspawn Berserker)         Turns: 133, Time: 00:02:42

Health: -4/32      AC: 12    Str: 19    XL:     3   Next: 37%
Magic:  3/3        EV:  8    Int:  8    God:    Trog [***...]
Gold:   0          SH:  0    Dex: 15    Spells: 2/2 levels left

rFire   . . .      SeeInvis .    p - +3 war axe (vorpal)
rCold   . . .      Faith    .    (no shield)
rNeg    . . .      Spirit   .    t - +1 chain mail
rPois   .          Reflect  .    (no helmet)
rElec   .          Harm     .    (no cloak)
rCorr   .          Rampage  .    (no gloves)
Will    .....      NoTele   +    (no boots)
Stlth   ..........               (no amulet)
HPRegen 0.25/turn                u - +3 ring of dexterity
MPRegen 0.08/turn                v - +2 ring of protection

@: no status effects
A: rugged brown scales 1, ignite blood 1
a: Renounce Religion, Berserk, Trog's Hand


You were in the Dungeon.
You worshipped Trog.
Trog was most pleased with you.
You visited 1 branch

Inventory:

Hand Weapons
 a - a +0 falchion
 k - a +2 vorpal dire flail
 l - a +2 halberd of protection
 m - a +0 lajatang
 n - a +2 rapier of venom
 o - a +2 vorpal scimitar
 p - a +3 vorpal war axe (weapon)
Armour
 b - a +0 animal skin
 r - a +0 pair of gloves
 s - a +0 cloak
 t - a +1 chain mail (worn)
Jewellery
 u - a +3 ring of dexterity (left hand)
 v - a +2 ring of protection (right hand)
Wands
 j - a wand of acid (9) (quivered)
Scrolls
 h - 2 scrolls of blinking
 q - 2 scrolls of amnesia
Potions
 c - 5 potions of curing
 d - a potion of invisibility
 e - a potion of haste
 f - 4 potions of magic
 g - a potion of berserk rage
 i - 2 potions of heal wounds


   Skills:
 + Level 4.9 Fighting
 + Level 4.7 Long Blades
 + Level 2.4 Armour
 + Level 3.0 Dodging


You had 2 spell levels left.
You didn't know any spells.
Your spell library was empty.

Dungeon Overview and Level Annotations

Branches:
Dungeon (1/1)

Altars:
Cheibriados
Dithmenos
Fedhas
Gozag
Hepliaklqana
Kikubaaqudgha
Makhleb
Nemelex Xobeh
Okawaru
Qazlal
Ru
Sif Muna
Trog
Uskayaw
Vehumet
Wu Jian
Xom
Yredelemnul
Jiyva
Lugonu


Innate Abilities, Weirdness & Mutations

You are partially covered in rugged brown scales. (AC +1, +3% HP)
Your demonic aura sometimes causes spilled blood to erupt in flames.


Message History

t - a +1 chain mail
u - a +3 ring of dexterity
There are no items here.
There are no items here.
v - a +2 ring of protection
p - a +3 vorpal war axe (weapon)
You start removing your armour.
You continue taking off your +0 animal skin. x4
You finish taking off your +0 animal skin.
You start putting on your armour.
You continue putting on your +1 chain mail. x5
You finish putting on your +1 chain mail.
You feel agile.
u - a +3 ring of dexterity (left hand)
v - a +2 ring of protection (right hand) Cleave: p) +3 war axe (vorpal)
Press: ? - help, Dir - move target You swing at nothing.
Aiming: Corrosive Bolt
Press: ? - help, Q - select action, (/) - cycle Shift-Dir - straight line You don't know any spells.
You don't know any spells.
You don't know any spells.
You don't know any spells.
Unknown command.
No target in view!
You open the door.
A two-headed ogre, a wyvern, a centaur, a troll and a yak come into view.
The two-headed ogre shouts in stereo!
The wyvern hisses angrily.
The centaur shouts!
The yak bellows!
You barely miss the two-headed ogre.
The two-headed ogre hits you but does no damage.
The two-headed ogre hits you with a +0 dire flail!
You completely miss the two-headed ogre.
The two-headed ogre hits you with a +0 giant club!
The two-headed ogre hits you with a +0 dire flail!
* * * LOW HITPOINT WARNING * * *
You barely miss the two-headed ogre. The two-headed ogre barely misses you.
The two-headed ogre hits you with a +0 dire flail!
You die... ▓▓▓▓▓▓▓▓▓▓▓▓▓▓▓▓▓▓▓▓▓▓▓▓ _______'........@O.lcTY. ▓▓▓▓▓▓▓▓▓▓▓▓▓▓▓▓▓▓▓▓▓▓▓▓

You could see a two-headed ogre, a yak, a troll, a wyvern and a centaur.

Vanquished Creatures
  An iguana (D)
  A shadow imp (D)
  2 orcs (D)
  An endoplasm (D)
  A goblin (D)
  2 quokkas (D)
  2 bats (D)
10 creatures vanquished.

Notes
Turn   | Place    | Note
-------+----------+-------------------------------------------
     0 | D        | lokiplouj the Demonspawn Berserker began the quest for the
                  | Orb.
     0 | D        | Reached XP level 1. HP: 18/18 MP: 1/1
    21 | D        | Reached ** piety under Trog
    33 | D        | Noticed an iguana
    42 | D        | Killed an iguana
    42 | D        | Reached *** piety under Trog
    43 | D        | Gained mutation: Your demonic aura sometimes causes spilled
                  | blood to erupt in flames. [demonic ancestry]
    43 | D        | Reached XP level 2. HP: 26/26 MP: 2/2
    43 | D        | Gained mutation: You are partially covered in rugged brown
                  | scales. (AC +1, +3% HP) [demonic ancestry]
    43 | D        | Reached XP level 3. HP: 29/31 MP: 3/3
    56 | D        | Found a snail-covered altar of Cheibriados.
    56 | D        | Found a shadowy altar of Dithmenos.
    56 | D        | Found a blossoming altar of Fedhas.
    56 | D        | Found an opulent altar of Gozag.
    57 | D        | Found a hazy altar of Hepliaklqana.
    58 | D        | Found a viscous altar of Jiyva.
    59 | D        | Found an ancient bone altar of Kikubaaqudgha.
    60 | D        | Found a corrupted altar of Lugonu.
    61 | D        | Found a burning altar of Makhleb.
    62 | D        | Found a sparkling altar of Nemelex Xobeh.
    63 | D        | Found an iron altar of Okawaru.
    64 | D        | Found a stormy altar of Qazlal.
    65 | D        | Found a sacrificial altar of Ru.
    66 | D        | Found a shimmering blue altar of Sif Muna.
    67 | D        | Found a bloodstained altar of Trog.
    68 | D        | Found a hide-covered altar of Uskayaw.
    69 | D        | Found a radiant altar of Vehumet.
    70 | D        | Found an ornate altar of the Wu Jian Council.
    71 | D        | Found a shimmering altar of Xom.
    72 | D        | Found a basalt altar of Yredelemnul.
   130 | D        | Noticed a two-headed ogre
   130 | D        | Noticed a wyvern
   130 | D        | Noticed a centaur
   130 | D        | Noticed a troll
   130 | D        | Noticed a yak
   133 | D        | Slain by a two-headed ogre

Illustrated notes

Levels and vault maps discovered:
D:        linesprint [early_d, line_temple, items_1, d_10, items_2, lair_1,
          lair_end, items_3, orc_1, orc_end, items_4, d_15, swamp_1, shoals_1,
          snake_1, spider_1, d_20, vaults_1, items_5, swamp_end, shoals_end,
          snake_end, spider_end, vaults_end, d_27, items_6, zot_1, zot_end,
          crypt_end, forest_end, elf_end, slime_end, tomb_end, abyss_end,
          pan_hell_end]

Skill      XL: |  1  2  3 |
---------------+----------+-----
Long Blades    | 4 |  4.7
Dodging        | 2 3 |  3.0
Armour         | 2 |  2.4
Fighting       | 4 |  4.9

Action                   || total
-------------------------++-------
Melee: Falchion          ||    37
       War axe           ||     3
Invok: Berserk           ||     1
Evoke: Wand              ||     1
  Use: Potion            ||     1
Armor: Animal skin       ||     6
       Chain mail        ||     1
Dodge: Dodged            ||    24

Table legend: (Time is in decaauts)
 A = Elapsed time spent in this place.
 B = Non-inter-level travel time spent in this place.
 C = Inter-level travel time spent in this place.
 D = Time resting spent in this place.
 E = Time spent auto-exploring this place.
 F = Levels seen in this place.
 G = Mean time per level.
                   A        B        C        D        E       F      G
               +--------+--------+--------+--------+--------+-----+--------+
         Total |    140 |    140 |      0 |      0 |      0 |   1 |  140.0 |
       Dungeon |    140 |    140 |      0 |      0 |      0 |   1 |  140.0 |
               +--------+--------+--------+--------+--------+-----+--------+

Top non-repeatable levels by time:
       D: 140 daAuts
